AoeStats
← OldStyle

Glade

510429114Analyzed
1v1 RM · 11h ago on Oct 1, 2026· 14m 21s· 2 players
Game mode
Random Map
Map size
Tiny (2 player)
Population
200
Speed
Normal
Resources
Standard
Victory
Conquest
Starting age
Dark Age
Ending age
Imperial Age
RankedLock teamsTeams togetherTeam positionsShared explorationLock speedFull tech treeHidden civsTurbo modeCheats
Victory
Defeat
🇧🇷 Mongols · Brazil
1415
+20
🇲🇽 Inca · Mexico
1499
-20
OldStyle
1:48 Loom
9:51 Feudal Age
10:19 Double-Bit Axe
10:16 Man-at-Arms
14:34 Forging
Combi | Paloma 52
3:06 Loom
11:24 Feudal Age
11:30 Champi Runner
Connection lost

Rejoining the realm…

Still unreachable

The connection could not be restored.

Session expired

The server has moved on; the page needs a fresh start.